AoeStats
← Taskyr

Arabia

508751661Analyzed
1v1 RM · 10d ago on Sep 23, 2026· 39m 11s· 2 players
Game mode
Random Map
Map size
Tiny (2 player)
Population
200
Speed
Normal
Resources
Standard
Victory
Conquest
Starting age
Dark Age
Ending age
Imperial Age
RankedLock teamsTeams togetherTeam positionsShared explorationLock speedFull tech treeHidden civsTurbo modeCheats
Victory
Defeat
🇪🇸 Spanish · Spain
759
+16
🇺🇸 Byzantines · United States
763
-26
WolfCry
3:32 Loom
13:21 Feudal Age
14:17 Arson
14:08 Man-at-Arms
17:30 Forging
17:27 Scale Barding Armor
23:27 Castle Age
21:30 Horse Collar
21:40 Double-Bit Axe
23:41 Stone Mining
23:42 Gold Mining
24:59 Bloodlines
24:54 Husbandry
25:15 Bow Saw
28:01 Murder Holes
30:26 Wheelbarrow
30:57 Town Watch
35:53 Imperial Age
35:08 Masonry
37:56 Chemistry
37:19 Ballistics
37:30 Architecture
39:28 Chemistry
38:24 Fletching
38:58 Chain Barding Armor
38:40 Padded Archer Armor
39:16 Iron Casting
39:49 Conscription
40:05 Hoardings
Taskyr
5:29 Loom
12:13 Feudal Age
14:13 Horse Collar
15:05 Scale Mail Armor
16:28 Double-Bit Axe
17:30 Forging
22:19 Fletching
22:30 Padded Archer Armor
27:53 Castle Age
27:54 Scale Barding Armor
29:04 Squires
30:03 Bow Saw
31:01 Pikeman
32:49 Chain Mail Armor
35:45 Wheelbarrow
36:45 Man-at-Arms
37:10 Gambesons
38:26 Chain Barding Armor
Connection lost

Rejoining the realm…

Still unreachable

The connection could not be restored.

Session expired

The server has moved on; the page needs a fresh start.